Map: 워터폴

Players

Future - Winner!

  • Race: Terran Terran
  • Spawn Location: 1:00

Jinioh

  • Race: Terran Terran
  • Spawn Location: 7:00

Event: DreamHack SC2 Masters 2022 Atlanta (Offline)

VOD

Have the link to the VOD?

Description

Time

  • Played on: Nov. 18, 2022, 10:05 a.m.
  • Length: 15:00

All games in this series

Show
View Real Time Build Order
Export as new Build Order

Future Terran - Winner!

Build Orders:  

Get SALT Encoding   

  12  0:00  SCV  
  13  0:12  SCV  
  14  0:17  Supply Depot  
  14  0:24  SCV  
  15  0:38  SCV  
  15  0:39  Barracks  
  16  0:43  Refinery  
  16  0:50  SCV  
  16  0:53  Refinery  
  17  1:03  SCV  
  18  1:15  SCV  
  19  1:26  Reaper  
  19  1:27  Orbital Command  
  19  1:30  Supply Depot  
  20  1:40  Factory  
  20  1:52  SCV  
  21  1:58  Reaper  
  22  2:04  SCV  
  23  2:16  SCV  
  24  2:25  Hellion  
  24  2:28  Command Center, SCV  
  27  2:31  Reaper  
  27  2:35  Supply Depot  
  28  2:40  SCV  
  29  2:46  Hellion  
  31  2:54  Starport  
  31  2:56  SCV  
  32  3:06  Barracks Reactor  
  32  3:08  SCV  
  32  3:12  Factory Tech Lab  
  30  3:21  SCV  
  29  3:30  Cyclone  
  29  3:33  SCV  
  33  3:37  Starport Tech Lab  
  33  3:40  Orbital Command  
  33  3:42  Refinery  
  33  3:45  SCV  
  33  3:46  Marine x2  
  36  3:58  SCV  
  36  4:00  Raven  
  38  4:04  Marine x2  
  38  4:06  SCV  
  41  4:10  SCV  
  42  4:18  SCV  
  42  4:19  Siege Tank  
  42  4:20  Supply Depot  
  42  4:22  SCV  
  42  4:23  Marine x2  
  49  4:30  SCV  
  50  4:32  Supply Depot  
  50  4:34  SCV  
  51  4:41  Marine x2  
  51  4:42  SCV  
  51  4:43  Raven  
  56  4:46  SCV  
  57  4:54  SCV  
  57  4:57  Siege Tank  
  57  4:58  SCV  
  62  5:01  Command Center  
  62  5:06  Supply Depot, Marine x2  
  64  5:09  SCV  
  64  5:10  SCV  
  66  5:19  Supply Depot  
  66  5:21  SCV  
  67  5:22  SCV, Refinery  
  68  5:30  Siege Tank  
  68  5:33  SCV  
  68  5:34  SCV  
  73  5:37  Viking x2  
  73  5:40  Supply Depot  
  73  5:42  Marine  
  78  5:44  Stimpack  
  78  5:45  SCV  
  78  5:46  SCV  
  80  5:55  Supply Depot  
  80  5:57  SCV  
  80  5:58  SCV  
  80  6:02  Siege Tank  
  85  6:09  SCV  
  85  6:11  SCV  
  84  6:12  Viking x2  
  84  6:15  Marine  
  88  6:21  SCV  
  88  6:23  SCV  
  89  6:31  Barracks  
  89  6:33  SCV  
  89  6:35  SCV  
  89  6:36  Barracks  
  89  6:37  Barracks  
  88  6:40  Siege Tank  
  88  6:43  Barracks  
  88  6:45  Viking  
  88  6:46  SCV  
  94  6:51  SCV, Orbital Command  
  94  6:53  Marine  
  96  7:01  Viking  
  98  7:02  SCV  
  98  7:03  SCV  
  92  7:12  Siege Tank  
  92  7:14  SCV  
  84  7:16  SCV  
  84  7:18  Viking  
  84  7:20  SCV  
  84  7:21  Marine x2  
  84  7:26  SCV  
  84  7:28  SCV  
  83  7:32  SCV  
  83  7:33  Engineering Bay  
  83  7:34  Engineering Bay  
  83  7:35  Viking  
  86  7:38  SCV, Marine  
  86  7:39  Marine x4  
  86  7:40  SCV  
  86  7:43  Refinery  
  93  7:49  Viking  
  93  7:51  SCV  
  95  7:54  Siege Tank  
  95  7:55  Combat Shield  
  98  7:59  Marine  
  98  8:00  Marine  
  98  8:01  Supply Depot x2  
  98  8:03  Marine  
  97  8:05  Marine  
  97  8:08  Marine  
  97  8:10  Medivac  
  101  8:17  Marine  
  101  8:18  Marine  
  103  8:20  Marine  
  103  8:23  Marine  
  103  8:26  Marine  
  88  8:27  Siege Tank  
  88  8:32  Medivac  
  88  8:33  Terran Infantry Weapons Level 1  
  88  8:35  Marine x2  
  88  8:38  Marine  
  88  8:39  Refinery  
  88  8:40  Medivac  
  93  8:41  Marine  
  93  8:43  Marine  
  93  8:44  Terran Infantry Armor Level 1  
  95  8:51  Sensor Tower  
  97  8:59  Siege Tank  
  102  9:03  Marine  
  102  9:06  Barracks Reactor x4  
  99  9:11  Command Center  
  99  9:12  Factory  
  99  9:16  Medivac  
  101  9:21  Supply Depot, Armory  
  102  9:27  Medivac  
  103  9:37  Siege Tank  
  106  9:38  Barracks Reactor  
  106  9:47  Missile Turret  
  106  9:48  Missile Turret  
  106  9:50  Marine x8  
  106  9:51  Missile Turret  
  106  9:52  Barracks  
  114  9:55  Barracks  
  114  9:56  SCV x3, Barracks  
  117  10:04  Viking x2  
  121  10:08  SCV x2  
  121  10:09  Siege Tank, Marine  
  121  10:11  SCV  
  128  10:18  Supply Depot  
  128  10:19  Supply Depot  
  128  10:20  SCV  
  128  10:21  Sensor Tower  
  129  10:22  Terran Vehicle Weapons Level 1, SCV  
  129  10:26  Siege Tank  
  133  10:28  SCV  
  133  10:29  Supply Depot  
  133  10:32  SCV  
  133  10:35  SCV, Marine x10  
  137  10:41  Viking x2  
  150  10:42  Terran Infantry Weapons Level 2  
  150  10:46  Supply Depot  
  150  10:49  Terran Infantry Armor Level 2  
  150  10:51  SCV x2  
  150  10:53  Marine  
  149  11:10  Siege Tank x2  
  138  11:17  Planetary Fortress  
  134  11:22  Liberator  
  134  11:25  Marine x13  
  150  11:42  Siege Tank x2  
  150  11:43  Marine x10  
  150  11:44  Marine  
  150  11:47  Marine  
  163  11:49  Marine  
  155  12:00  Marine  
  155  12:01  Marine x9  
  145  12:02  Marine  
  145  12:04  Marine  
  145  12:07  Marine  
  153  12:14  Siege Tank x2  
  153  12:18  Liberator, Marine  
  153  12:19  Marine x3  
  157  12:33  Marine  
  157  12:36  Command Center  
  157  12:40  Supply Depot  
  157  12:41  Liberator, Supply Depot, Marine x5  
  157  12:44  Supply Depot  
  165  12:56  Supply Depot  
  165  13:02  Siege Tank x2, Marine  
  172  13:08  Marine x2  
  172  13:09  Marine x7  
  168  13:14  Marine  
  167  13:34  Siege Tank x2  
  167  13:35  Medivac x2  
  177  13:44  Refinery, Marine x5  
  177  13:45  Refinery, Sensor Tower, Marine x7  
  189  13:53  Marine  
  142  14:02  Marine x10  
  138  14:05  Marine  
  148  14:15  Refinery  
  148  14:19  Siege Tank  
  148  14:20  Siege Tank  
  148  14:22  Marine x2  
  148  14:23  Marine x3  
  159  14:24  Refinery  
  159  14:31  Marine x2  
  159  14:37  Marine  
  162  14:39  Marine  
Show
View Real Time Build Order
Export as new Build Order

Jinioh Terran 

Build Orders:  

Get SALT Encoding   

  12  0:00  SCV  
  13  0:12  SCV  
  14  0:17  Supply Depot  
  14  0:24  SCV  
  14  0:28  Refinery  
  15  0:40  Barracks  
  15  0:44  SCV  
  16  0:50  Refinery  
  16  0:56  SCV  
  17  1:08  SCV  
  18  1:20  SCV  
  19  1:26  Reaper  
  19  1:30  Factory  
  20  1:38  Orbital Command  
  20  1:47  Supply Depot  
  20  1:59  Reaper  
  21  2:03  SCV  
  22  2:14  Hellion  
  24  2:17  SCV  
  25  2:30  Command Center  
  25  2:32  Reaper  
  26  2:39  Hellion  
  26  2:40  SCV  
  29  2:51  Starport  
  29  2:53  SCV  
  30  2:59  Supply Depot  
  30  3:05  Factory Tech Lab  
  30  3:07  Barracks Reactor  
  29  3:22  SCV  
  27  3:32  Starport Tech Lab  
  27  3:33  Cyclone  
  30  3:35  SCV  
  30  3:39  Refinery  
  31  3:43  Orbital Command  
  31  3:45  Marine x2  
  31  3:47  SCV  
  34  3:59  SCV  
  34  4:00  Raven  
  35  4:04  Marine x2  
  35  4:09  SCV  
  38  4:11  SCV  
  38  4:15  Siege Tank  
  42  4:21  SCV  
  42  4:22  Marine x2  
  42  4:23  Supply Depot, SCV  
  46  4:33  SCV  
  46  4:35  SCV  
  48  4:39  Supply Depot  
  48  4:40  Marine x2  
  48  4:43  Raven  
  52  4:46  SCV  
  52  4:47  SCV  
  54  4:54  Siege Tank  
  54  4:55  Supply Depot  
  54  4:58  SCV, Marine  
  54  4:59  SCV, Marine  
  61  5:09  Supply Depot  
  61  5:10  SCV  
  61  5:11  SCV  
  63  5:17  Supply Depot  
  63  5:22  SCV  
  63  5:23  SCV  
  63  5:24  Refinery  
  63  5:27  Siege Tank  
  68  5:33  Viking x2  
  68  5:34  SCV  
  73  5:35  SCV  
  73  5:39  Supply Depot  
  74  5:46  SCV  
  74  5:48  SCV  
  76  5:54  Supply Depot  
  76  5:58  SCV  
  76  5:59  Siege Tank  
  76  6:00  SCV  
  76  6:03  Viking x2  
  85  6:10  SCV  
  84  6:12  SCV  
  85  6:22  SCV  
  85  6:24  SCV  
  87  6:28  Command Center  
  87  6:31  Siege Tank  
  89  6:33  Viking x2  
  89  6:34  SCV  
  89  6:36  SCV  
  95  6:42  Supply Depot  
  95  6:47  SCV  
  95  6:50  Barracks, SCV  
  95  6:51  Barracks  
  96  7:00  SCV  
  97  7:08  SCV  
  92  7:12  Viking x2, SCV  
  87  7:20  SCV  
  83  7:23  Engineering Bay  
  83  7:24  Engineering Bay, SCV  
  76  7:31  Barracks  
  76  7:32  SCV  
  76  7:33  Barracks  
  76  7:36  SCV  
  78  7:38  Marine  
  78  7:39  Barracks Reactor x2, Stimpack  
  78  7:41  Siege Tank, Orbital Command  
  82  7:44  SCV  
  82  7:48  SCV  
  84  7:53  Refinery, Viking  
  84  7:54  Refinery  
  84  7:56  Marine  
  84  7:57  SCV  
  88  8:00  SCV  
  89  8:09  SCV  
  89  8:12  Terran Infantry Armor Level 1, Terran Infantry Weapons Level 1  
  90  8:13  SCV, Sensor Tower, Siege Tank  
  90  8:15  SCV  
  95  8:21  SCV  
  95  8:26  SCV  
  90  8:27  SCV  
  90  8:31  Barracks Reactor x2, Viking x2  
  90  8:33  SCV  
  92  8:34  Supply Depot  
  92  8:35  Marine x4  
  92  8:37  Marine  
  99  8:46  Siege Tank  
  100  8:52  Barracks, Marine x4  
  100  8:53  Barracks  
  100  8:55  Barracks  
  105  9:05  Missile Turret  
  105  9:09  Armory, Marine  
  106  9:10  Marine x5  
  106  9:11  Marine x2  
  106  9:13  Supply Depot  
  106  9:15  Supply Depot  
  112  9:17  Marine  
  112  9:18  Siege Tank  
  112  9:20  Medivac  
  112  9:21  Medivac  
  119  9:25  Combat Shield  
  119  9:27  Marine  
  119  9:28  Marine x3  
  123  9:31  Marine x3  
  123  9:33  Supply Depot, Marine  
  123  9:35  Marine  
  128  9:39  Marine  
  128  9:40  Marine  
  128  9:42  Marine  
  128  9:45  Marine x3  
  132  9:46  Marine  
  132  9:49  Marine x3  
  132  9:50  Siege Tank  
  132  9:51  Marine  
  142  9:53  Marine  
  142  9:55  Sensor Tower  
  142  9:57  Marine  
  142  9:58  Marine  
  145  10:00  Marine  
  145  10:01  Supply Depot  
  145  10:02  Marine  
  145  10:03  Marine x2  
  145  10:04  Supply Depot  
  145  10:05  Marine  
  150  10:07  Marine x3  
  150  10:08  Marine  
  150  10:10  Marine  
  150  10:13  Supply Depot  
  155  10:20  Supply Depot, Marine x2  
  157  10:23  Siege Tank, Marine x3  
  157  10:25  Marine  
  157  10:28  Marine x3  
  164  10:29  Marine  
  164  10:30  Marine  
  164  10:31  Marine  
  170  10:38  Marine x2  
  170  10:39  Missile Turret  
  170  10:40  Medivac, Marine x3  
  170  10:41  Medivac  
  179  10:43  Marine  
  179  10:46  Marine x2  
  179  10:47  Marine x2  
  179  10:48  Marine  
  185  10:50  Marine  
  185  10:56  Marine x2  
  188  10:58  Marine x3  
  188  11:01  Marine  
  188  11:04  Marine x2  
  183  11:05  Marine x2  
  183  11:06  Marine  
  183  11:08  Marine  
  178  11:13  Marine x2  
  178  11:16  Marine x3  
  180  11:18  Marine  
  180  11:21  Marine x2  
  180  11:23  Marine x2  
  180  11:24  Marine  
  186  11:25  Sensor Tower  
  186  11:26  Marine  
  186  11:31  Marine x2  
  189  11:34  Marine x3  
  189  11:36  Marine  
  189  11:39  Marine x2  
  195  11:41  Marine x2  
  197  11:49  Marine x2  
  197  11:50  Marine  
  197  11:51  Marine  
  197  11:52  Marine x3  
  183  11:54  Marine  
  183  11:57  Marine x2  
  183  11:59  Marine x2  
  185  12:07  Marine x2  
  185  12:08  Marine x2  
  183  12:10  Marine x3  
  183  12:12  Marine  
  183  12:15  Marine x2  
  177  12:16  Marine x2  
  167  12:24  Medivac x2, Marine  
  167  12:25  Marine  
  167  12:27  Marine x3  
  177  12:30  Marine  
  177  12:33  Marine x2  
  177  12:34  Siege Tank, Marine x2  
  177  12:36  Terran Infantry Weapons Level 2  
  183  12:37  Terran Infantry Armor Level 2  
  183  12:39  Marine  
  183  12:41  Marine  
  183  12:43  Marine  
  186  12:44  Marine  
  187  12:54  Medivac, Marine x3  
  187  12:56  Marine  
  187  12:57  Marine  
  194  12:59  Marine  
  194  13:00  Marine  
  194  13:01  Marine  
  194  13:02  Marine  
  194  13:03  Orbital Command  
  194  13:04  Marine  
  194  13:05  Marine  
  191  13:07  Marine  
  191  13:11  Marine  
  191  13:12  Marine  
  172  13:13  Marine  
  172  13:15  Marine  
  169  13:22  Marine  
  169  13:24  Sensor Tower, Marine  
  169  13:25  Marine  
  169  13:26  Marine  
  173  13:28  Marine x2  
  173  13:30  Marine  
  173  13:33  Marine  
  173  13:34  Marine  
  177  13:36  Marine  
  177  13:39  Medivac  
  179  13:43  Medivac  
  179  13:44  Marine x2  
  179  13:45  Marine  
  179  13:46  Marine  
  185  13:55  Marine  
  142  13:59  Marine x2  
  142  14:01  Marine x4  
  142  14:02  Marine x3  
  109  14:03  Marine  
  109  14:07  Marine  
  111  14:12  Marine  
  111  14:17  Marine x2  
  112  14:19  Marine x4  
  112  14:20  Siege Tank, Marine x3  
  112  14:21  Marine  
  125  14:25  Marine  
  125  14:30  Marine  
  127  14:34  Marine x2  
  127  14:36  Marine x4  
  127  14:38  Marine x3  
  133  14:39  Marine  
Tags
 
Add a new tag
Caveats
  • Supply blocks, unpowered buildings, or Contaminate may cause inaccurate times.
  • Supply counts are checked every 10 seconds.